Map: Inside and Out

Players

soO - Winner!

  • Race: Zerg Zerg
  • Spawn Location: 7:00

Harstem

  • Race: Protoss Protoss
  • Spawn Location: 1:00

Event: DreamHack SC2 Masters 2022 Atlanta (Offline)

VOD

Have the link to the VOD?

Description

Time

  • Played on: Nov. 18, 2022, 2:44 p.m.
  • Length: 12:37

All games in this series

Show
View Real Time Build Order
Export as new Build Order

soO Zerg - Winner!

Build Orders: Hatch First 

Get SALT Encoding   

  12  0:01  Drone  
  13  0:11  Overlord  
  13  0:16  Drone  
  14  0:30  Drone x2  
  16  0:46  Hatchery  
  15  0:50  Drone  
  15  0:54  Drone  
  15  0:56  Drone  
  18  1:08  Extractor  
  17  1:12  Spawning Pool  
  17  1:15  Drone  
  17  1:19  Drone  
  18  1:27  Drone  
  19  1:38  Drone  
  20  1:49  Drone  
  21  1:58  Queen  
  21  1:59  Zergling x2  
  21  2:00  Queen  
  21  2:01  Zergling x2  
  27  2:10  Drone  
  27  2:13  Metabolic Boost  
  28  2:17  Overlord  
  28  2:33  Drone, Hatchery  
  28  2:35  Drone  
  29  2:39  Drone  
  29  2:44  Queen  
  30  2:47  Drone  
  33  2:52  Overlord  
  33  2:54  Drone  
  33  2:56  Drone  
  35  2:59  Drone  
  36  3:05  Overlord  
  36  3:10  Queen  
  36  3:12  Drone  
  39  3:16  Drone x2  
  39  3:19  Drone  
  43  3:20  Drone  
  43  3:24  Drone x2  
  45  3:28  Queen  
  47  3:35  Zergling x4  
  47  3:40  Zergling x4  
  47  3:41  Zergling x2  
  52  3:46  Queen, Drone x2  
  56  3:51  Drone x2  
  58  3:57  Overlord  
  58  4:01  Spore Crawler  
  58  4:02  Drone  
  58  4:06  Overlord  
  58  4:10  Evolution Chamber  
  58  4:12  Overlord  
  58  4:13  Drone  
  58  4:16  Drone x2  
  60  4:18  Drone x4  
  60  4:21  Drone x2  
  66  4:26  Drone  
  66  4:27  Spore Crawler  
  64  4:32  Drone x2  
  64  4:35  Drone  
  64  4:37  Drone x3  
  64  4:38  Zerg Melee Weapons Level 1  
  69  4:44  Drone x2  
  69  4:46  Lair  
  69  4:47  Drone  
  69  4:50  Drone x2  
  72  4:56  Drone x3  
  75  5:00  Drone x2, Extractor  
  75  5:05  Extractor  
  75  5:06  Zergling x6  
  76  5:09  Hatchery  
  76  5:11  Drone x3  
  78  5:14  Drone x2  
  78  5:17  Extractor  
  78  5:18  Extractor  
  78  5:19  Baneling Nest  
  77  5:22  Zergling x2  
  77  5:23  Zergling x6  
  77  5:28  Overlord  
  81  5:29  Drone, Overlord  
  81  5:31  Overlord  
  81  5:34  Overlord  
  82  5:36  Overlord  
  82  5:38  Overlord  
  82  5:44  Overlord  
  82  5:47  Hydralisk Den, Drone x2  
  82  5:48  Drone x3  
  82  5:49  Drone x2  
  88  5:52  Drone x2  
  90  5:59  Drone  
  90  6:05  Centrifugal Hooks  
  90  6:07  Drone x4  
  90  6:08  Drone  
  95  6:17  Overlord  
  95  6:18  Grooved Spines  
  95  6:19  Hydralisk x7  
  95  6:23  Drone x2  
  110  6:30  Spore Crawler, Drone  
  110  6:31  Hydralisk x3  
  116  6:34  Overlord  
  116  6:37  Overlord  
  116  6:38  Overlord  
  116  6:43  Zerg Melee Weapons Level 2  
  116  6:46  Drone  
  115  6:53  Zergling x18  
  118  6:55  Drone x3  
  118  6:58  Drone  
  121  7:02  Overlord  
  121  7:05  Overseer  
  121  7:06  Hydralisk x2  
  121  7:07  Zergling x8, Hydralisk  
  130  7:14  Hydralisk x2  
  130  7:15  Zergling x6  
  137  7:18  Zergling x4  
  137  7:20  Drone  
  137  7:22  Hatchery  
  139  7:26  Hydralisk x2  
  139  7:27  Zergling x4  
  139  7:28  Baneling x3  
  139  7:29  Baneling x3  
  144  7:30  Muscular Augments  
  144  7:35  Zergling x18  
  153  7:39  Baneling x5  
  153  7:48  Zergling x14  
  152  7:59  Zergling x12  
  152  8:01  Hatchery  
  156  8:06  Baneling x10  
  156  8:12  Zergling x2, Baneling x8  
  157  8:13  Zergling x20  
  157  8:18  Baneling x3  
  157  8:19  Zergling x8  
  171  8:20  Overlord  
  171  8:23  Zergling x4  
  171  8:24  Extractor  
  172  8:33  Baneling x3  
  156  8:42  Zergling x2  
  156  8:43  Zergling x30  
  156  8:44  Zergling x2  
  166  8:53  Infestation Pit  
  165  8:55  Baneling  
  165  8:56  Baneling x11  
  165  8:57  Zergling x18  
  165  9:02  Queen, Drone  
  177  9:05  Baneling x6  
  177  9:08  Overseer  
  177  9:16  Zergling x4  
  177  9:17  Zergling x16  
  187  9:23  Zerg Missile Weapons Level 1  
  187  9:24  Baneling x6  
  187  9:25  Zergling x18  
  151  9:55  Hydralisk x3  
  151  9:56  Zergling x26  
  151  9:58  Zergling x6  
  146  10:04  Hydralisk x2  
  146  10:05  Hydralisk x2  
  146  10:06  Hydralisk x4  
  144  10:09  Hydralisk  
  144  10:10  Zergling x12, Hydralisk  
  144  10:13  Zergling x2  
  141  10:17  Hydralisk x3  
  141  10:18  Hydralisk  
  144  10:22  Hydralisk x2  
  144  10:27  Hydralisk x2  
  144  10:28  Zergling x8  
  155  10:32  Zergling x8  
  155  10:35  Drone x2  
  161  10:36  Baneling x4  
  161  10:37  Baneling x2  
  161  10:46  Hive  
  161  10:48  Zergling x12  
  167  10:53  Drone x2  
  167  10:56  Baneling x5  
  167  10:57  Baneling  
  169  11:03  Zergling x18  
  178  11:11  Baneling x7  
  178  11:14  Baneling  
  178  11:15  Baneling x4  
  178  11:19  Overseer  
  178  11:21  Zergling x20  
  178  11:22  Overlord  
  187  11:27  Overlord  
  150  11:54  Zergling x34  
  150  11:58  Zergling x8  
  157  12:02  Zergling x4  
  157  12:03  Zergling x14  
  157  12:04  Zergling x2  
  157  12:05  Zergling x10  
  167  12:10  Zergling x4  
  160  12:17  Zergling x2  
  160  12:19  Drone x2  
  161  12:25  Drone x6  
Show
View Real Time Build Order
Export as new Build Order

Harstem Protoss 

Build Orders: 1 Gate Expand, Oracle Opening, Zealot Archon 

Get SALT Encoding   

  12  0:00  Probe  
  13  0:12  Probe  
  14  0:18  Pylon  
  14  0:24  Probe (Chrono Boost)  
  15  0:36  Probe (Chrono Boost)  
  15  0:38  Gateway  
  16  0:45  Probe (Chrono Boost)  
  16  0:46  Assimilator  
  17  0:51  Probe  
  18  1:03  Probe  
  19  1:15  Probe  
  20  1:23  Nexus  
  20  1:34  Cybernetics Core  
  20  1:37  Probe  
  21  1:44  Assimilator  
  21  1:49  Probe  
  21  1:53  Pylon  
  22  2:01  Probe  
  23  2:08  Adept (Chrono Boost)  
  23  2:14  Probe (Chrono Boost)  
  26  2:16  Stargate  
  26  2:26  Probe (Chrono Boost)  
  26  2:29  Warp Gate  
  26  2:31  Adept, Probe (Chrono Boost)  
  26  2:35  Probe  
  30  2:44  Probe  
  31  2:47  Probe  
  32  2:56  Probe  
  33  2:59  Probe (Chrono Boost)  
  33  3:00  Oracle (Chrono Boost)  
  37  3:10  Pylon  
  37  3:12  Probe (Chrono Boost), Stalker  
  41  3:13  Probe (Chrono Boost)  
  41  3:19  Probe (Chrono Boost)  
  42  3:20  Gateway  
  42  3:22  Probe (Chrono Boost)  
  42  3:26  Probe  
  43  3:33  Probe  
  45  3:35  Oracle (Chrono Boost)  
  45  3:38  Probe  
  49  3:45  Probe  
  50  3:50  Probe (Chrono Boost)  
  51  3:56  Pylon  
  51  3:57  Nexus  
  51  4:02  Probe (Chrono Boost)  
  53  4:03  Probe (Chrono Boost)  
  53  4:04  Assimilator  
  53  4:06  Assimilator  
  53  4:11  Probe (Chrono Boost)  
  53  4:13  Forge  
  53  4:15  Probe (Chrono Boost)  
  53  4:16  Probe  
  55  4:17  Pylon  
  56  4:26  Probe  
  56  4:28  Probe  
  56  4:29  Twilight Council  
  58  4:34  Adept  
  58  4:38  Probe  
  57  4:40  Probe  
  57  4:48  Protoss Ground Weapons Level 1 (Chrono Boost), Adept  
  57  4:50  Probe  
  60  4:53  Probe  
  60  4:54  Adept  
  63  5:02  Probe  
  63  5:05  Probe  
  64  5:09  Shield Battery  
  64  5:11  Charge  
  64  5:13  Robotics Facility  
  64  5:14  Probe (Chrono Boost)  
  64  5:15  Probe (Chrono Boost)  
  64  5:16  Gateway  
  64  5:17  Gateway, Probe (Chrono Boost)  
  67  5:25  Sentry  
  67  5:27  Probe x2 (Chrono Boost)  
  72  5:29  Probe (Chrono Boost)  
  72  5:34  Probe (Chrono Boost)  
  72  5:35  Probe x2 (Chrono Boost)  
  74  5:36  Templar Archives  
  74  5:41  Probe x2, Assimilator  
  74  5:42  Assimilator  
  77  5:43  Probe  
  78  5:51  Zealot x2  
  78  5:53  Probe x2  
  78  5:54  Pylon  
  78  5:55  Probe  
  85  6:08  Pylon  
  85  6:12  Nexus, Observer, Probe  
  87  6:21  High Templar x3  
  87  6:22  Pylon  
  87  6:24  High Templar, Psionic Storm  
  93  6:25  Pylon  
  93  6:26  Probe  
  93  6:29  Archon x2  
  93  6:30  Probe  
  95  6:33  Probe  
  95  6:37  Gateway  
  95  6:38  Probe  
  95  6:39  Phoenix  
  99  6:42  Probe  
  99  6:43  Shield Battery  
  100  6:48  Gateway x2  
  100  6:49  Probe  
  100  6:50  Probe  
  102  6:58  Probe  
  102  7:01  Probe  
  103  7:02  Zealot x4, Probe, Protoss Ground Weapons Level 2 (Chrono Boost)  
  112  7:11  Gateway, Photon Cannon  
  112  7:12  Gateway  
  112  7:17  Photon Cannon  
  112  7:18  Probe  
  112  7:19  Probe  
  112  7:20  Pylon  
  112  7:21  Pylon  
  114  7:27  Probe  
  114  7:28  Shield Battery  
  115  7:30  Shield Battery, High Templar x3  
  115  7:31  High Templar  
  123  7:39  Probe  
  123  7:43  Assimilator  
  124  7:48  Assimilator  
  124  7:50  High Templar x2  
  128  7:56  Warp Prism (Chrono Boost)  
  122  7:58  Zealot  
  122  8:01  Observer  
  122  8:03  Probe  
  122  8:05  Photon Cannon  
  121  8:06  Shield Battery, Zealot x4, High Templar x2  
  121  8:08  Pylon  
  121  8:10  Probe  
  121  8:11  Probe  
  135  8:15  Archon, Photon Cannon  
  135  8:17  Gateway  
  135  8:18  Shield Battery, Gateway  
  135  8:23  Observer, Photon Cannon, High Templar x2  
  135  8:24  Zealot  
  141  8:29  Archon  
  141  8:34  Zealot x2  
  143  8:40  Archon  
  143  8:41  High Templar x2  
  143  8:43  Immortal (Chrono Boost)  
  141  8:52  Zealot  
  141  8:55  Probe  
  140  9:03  Zealot x2, High Templar x2  
  140  9:07  Photon Cannon  
  140  9:08  Gateway  
  140  9:09  Photon Cannon  
  148  9:13  Probe  
  149  9:19  Gateway  
  149  9:20  Zealot x3  
  149  9:22  Probe  
  156  9:24  Pylon  
  156  9:25  Stargate  
  156  9:28  Stargate, Fleet Beacon  
  154  9:31  Zealot  
  154  9:35  Protoss Air Weapons Level 1 (Chrono Boost)  
  146  9:38  Stalker x3  
  146  9:40  Zealot x2  
  146  9:44  Zealot x3  
  150  9:52  Zealot  
  138  9:56  Archon  
  138  9:57  Archon x2  
  127  10:03  Zealot x5  
  123  10:08  Probe x2 (Chrono Boost)  
  123  10:09  Probe x2 (Chrono Boost)  
  123  10:12  Zealot  
  119  10:15  Zealot  
  119  10:20  Probe x2 (Chrono Boost)  
  117  10:22  High Templar x2  
  117  10:26  Pylon  
  117  10:27  High Templar  
  123  10:40  Observer (Chrono Boost)  
  123  10:41  High Templar x3  
  123  10:42  High Templar  
  138  10:45  Probe  
  138  10:47  Photon Cannon  
  138  10:48  Carrier (Chrono Boost), Gateway  
  138  10:49  Archon  
  139  10:55  Shield Battery, High Templar x2  
  143  10:57  Pylon  
  143  10:59  Archon  
  143  11:01  Pylon  
  141  11:10  High Templar x2  
  145  11:12  Zealot  
  145  11:16  Probe  
  145  11:18  Pylon  
  152  11:19  Archon  
  152  11:20  Probe  
  152  11:21  Pylon  
  152  11:22  Carrier (Chrono Boost)  
  152  11:23  Gateway, Photon Cannon  
  151  11:30  Shield Battery  
  151  11:33  Photon Cannon  
  153  11:41  Zealot x7  
  159  11:50  Archon x2  
  159  11:51  Zealot x2  
  129  12:02  Zealot x6  
  133  12:14  Zealot  
  123  12:25  Zealot  
  123  12:26  Zealot x3  
  129  12:34  Zealot  
Tags
 
Add a new tag
Caveats
  • Supply blocks, unpowered buildings, or Contaminate may cause inaccurate times.
  • Supply counts are checked every 10 seconds.